 Dungeon Crawl Stone Soup version 0.24-a0-725-gf1a930fc54 (webtiles) character file.

Game seed: 14441831365740923422, levelgen mode: deterministic

200 Kohma the Chopper (level 5, 0/46 HPs)
             Began as a Hill Orc Abyssal Knight on Oct 1, 2019.
             Was a Priest of Lugonu.
             Slain by an orc priest
             ... wielding a +0 hand axe
              (2 damage)
             ... on level 4 of the Dungeon.
             The game lasted 00:08:44 (3151 turns).

Kohma the Chopper (Hill Orc Abyssal Knight)         Turns: 3151, Time: 00:08:45

Health: 0/46       AC:  8    Str: 16    XL:     5   Next: 79%
Magic:  6/6        EV: 10    Int: 12    God:    Lugonu [***...]
Gold:   264        SH:  4    Dex: 10    Spells: 4/4 levels left

rFire    . . .     SeeInvis .   a - +1 hand axe
rCold    . . .     Gourm    .   g - +0 buckler
rNeg     + . .     Faith    .   r - +0 ring mail
rPois    .         Spirit   .   f - +0 helmet
rElec    .         Reflect  .   (no cloak)
rCorr    .         Harm     .   (no gloves)
MR       .....                  x - +1 pair of boots
Stlth    ..........             (no amulet)
HPRegen  0.15/turn              k - ring of positive energy
MPRegen  0.10/turn              (no ring)

@: no status effects
A: no striking features
a: Depart the Abyss, Bend Space, Banish, Renounce Religion, Convert to Beogh


You were on level 4 of the Dungeon.
You worshipped Lugonu.
Lugonu was most pleased with you.
You were very hungry.

You visited 1 branch of the dungeon, and saw 4 of its levels.
You visited the Abyss 1 time.

You collected 264 gold pieces.

Inventory:

Hand Weapons
 a - a +1 hand axe (weapon)
Missiles
 o - 143 stones (quivered)
 u - a throwing net
Armour
 f - a +0 helmet (worn)
 g - a +0 buckler (worn)
 h - a +0 shield
 r - a +0 ring mail (worn)
 x - a +1 pair of boots (worn)
Jewellery
 k - a ring of positive energy (left hand)
Scrolls
 i - a scroll of immolation
 n - 2 scrolls of remove curse
 p - a scroll of teleportation
Potions
 q - a potion of magic
 s - a potion of flight
 t - a potion of agility {unknown}
 v - a potion of degeneration {unknown}
 w - a potion of invisibility {unknown}
Comestibles
 c - 8 rations


   Skills:
 - Level 3.7 Fighting
 * Level 6.5 Axes
 - Level 2.1 Armour
 - Level 0.7 Dodging
 + Level 2.9 Shields
 - Level 2.6 Invocations


You had 4 spell levels left.
You didn't know any spells.
Your spell library contained the following spells:

 Spells                   Type           Power        Failure   Level  Hunger
 Magic Dart               Conj           #...         56%         1    ##.....
 Blink                    Tloc           N/A          71%         2    ###....
 Call Imp                 Summ           #.......     71%         2    ###....
 Slow                     Hex            #.......     71%         2    ###....
 Conjure Flame            Conj/Fire      #.......     91%         3    ####...
 Mephitic Cloud           Conj/Pois/Air  #.......     91%         3    ####...


Dungeon Overview and Level Annotations

Branches:
Dungeon (4/15)
 Temple: D:4-7

Altars:
Vehumet

Annotations:
D:4 Grinder


Message History

You hit the orc priest.
The orc priest is heavily wounded.
The orc priest threatens, "By the altar or by the axe, you will meet Beogh!"
The orc priest hits you with a +0 hand axe.
* * * LOW HITPOINT WARNING * * *
You closely miss the orc priest.
The orc priest is heavily wounded.
The orc priest mumbles some strange prayers to Beogh against you.
Pain shoots through your body!
* * * LOW HITPOINT WARNING * * *
You hit the orc priest.
The orc priest is heavily wounded.
The orc priest threatens, "By the altar or by the axe, you will meet Beogh!"
The orc priest invokes the aid of Beogh against you.
You are unaffected.
Okay, then.
You barely miss the orc priest.
The orc priest is heavily wounded.
The orc priest hits you with a +0 hand axe.
You die...

,* *,* *,,,,,,,,* ,* *,*
****,***** ****,********,*
*,,,,,,,,,,,*,* *,*,*,*,***,#,*
,***,,*,*##.#.#### ********** **
**,*,,...lo.oo# *8,,,,,_,,
,***,,,,,**,***#o# ****#,,,,,,,,,
*,*,,,,,,,,,*###@###...#,*8*,,8,,
*,,,,,,,***,*#.......#**,***,,,,,
**#.,,*** #,*#.#.##### *,,,,*****
#.,,* #.##.#.# *,,,,,,,,, #..,*
#......# *********+++* #...*
####.### *,,8,,,,,,,,,
###...########.### *,,,,,,,**,**
............##...#***,,,,,,,,,,,,
....(...<......#......,,,,,,**,,,


You could see an orc priest and 2 orcs.

Vanquished Creatures
  An orc priest (D:4)
  Jessica (D:2)
  Robin (D:2)
  2 adders (D:3)
  2 oozes
  A worm (D:3)
  4 dart slugs
  3 leopard geckos (D:1)
  An orc (D:4)
  2 ball pythons
  3 giant cockroaches
  21 goblins
  16 hobgoblins
  7 jackals
  5 kobolds
  A quokka (D:3)
  5 bats
  3 frilled lizards
  7 rats
86 creatures vanquished.

Notes
Turn   | Place    | Note
-------+----------+-------------------------------------------
     0 | Abyss:1  | Kohma the Hill Orc Abyssal Knight began the quest for the
                  | Orb.
     0 | Abyss:1  | Reached XP level 1. HP: 19/19 MP: 2/2
    60 | Abyss:1  | Noticed a large abomination
    63 | Abyss:1  | Noticed a glowing orange brain
    76 | D:1      | Escaped the Abyss
    76 | D:1      | Noticed an ice dragon
    76 | D:1      | Noticed an ice dragon
    77 | D:1      | Noticed a purple draconian
    80 | D:1      | Noticed an ice dragon
    81 | D:1      | Noticed a large abomination
    81 | D:1      | Noticed a black draconian
    83 | D:1      | Noticed an orb of fire
    84 | D:1      | Noticed a large abomination
    85 | D:1      | Noticed a purple draconian
    87 | D:1      | Noticed a large abomination
    89 | D:1      | Noticed an iron dragon
    89 | D:1      | Noticed a tentacled monstrosity
    91 | D:1      | Noticed a tentacled monstrosity
    93 | D:1      | Noticed an iron dragon
    93 | D:1      | Noticed an iron dragon
    95 | D:1      | Noticed a shadow dragon
    95 | D:1      | Noticed a shadow dragon
    97 | D:1      | Noticed an orb of fire
   145 | D:1      | Reached skill level 3 in Axes
   199 | D:1      | Reached XP level 2. HP: 25/27 MP: 3/3
   269 | D:1      | Reached skill level 1 in Shields
   415 | D:1      | Reached skill level 4 in Axes
   415 | D:1      | Reached XP level 3. HP: 33/33 MP: 4/4
   429 | D:1      | Reached ** piety under Lugonu
  1078 | D:2      | Noticed Jessica
  1151 | D:2      | Killed Jessica
  1151 | D:2      | Reached skill level 5 in Axes
  1151 | D:2      | Reached XP level 4. HP: 38/40 MP: 5/5
  1301 | D:2      | Noticed Robin
  1330 | D:2      | Killed Robin
  1950 | D:3      | Reached XP level 5. HP: 40/46 MP: 6/6
  2074 | D:3      | Found a radiant altar of Vehumet.
  2190 | D:3      | Reached *** piety under Lugonu
  2211 | D:3      | Reached skill level 6 in Axes
  2595 | D:4      | Noticed Grinder
  2612 | D:4      | Paralysed by Grinder for 6 turns
  3149 | D:4      | HP: 2/46 [orc priest/nerve-wracking pain (6)]
  3151 | D:4      | Slain by an orc priest

Levels and vault maps discovered:
D:1:      shiori_arrival_whats_in_store_for_you, layout_loops_ring
D:2:      layout_rooms, first_ration, ebering_dispersal_statue_hall,
          uniq_jessica, uniq_robin
D:3:      cheibrodos_greedy_goblins, layout_loops_ring, vehumet_crystals,
          grunt_ministairs_11
D:4:      layout_loops_cross, biasface_ghost_orc_armoury, uniq_grinder

Skill      XL: |  1  2  3  4  5 |
---------------+----------------+-----
Axes           | 3 4 5 6 |  6.5
Shields        | 1 2 |  2.9
Fighting       | |  3.7
Armour         | |  2.1
Dodging        | |  0.7
Invocations    | |  2.6

Action                   |  1- 3 |  4- 6 || total
-------------------------+-------+-------++-------
Melee: Hand axe          |    92 |   208 ||   300
  Use: Scroll            |       |     9 ||     9
  Eat: Chunk             |     1 |     5 ||     6
Armor: Leather armour    |    29 |       ||    29
       Ring mail         |       |    50 ||    50
Dodge: Dodged            |    40 |    75 ||   115
Block: Buckler           |    12 |    31 ||    43

Table legend:
 A = Non-vault XP
 B = Vault XP
 C = Vault XP percentage of total XP
 D = Non-vault monster count
 E = Vault monster count
 F = Vault count percentage of total count
                 A         B        C        D         E       F
            +---------+---------+-------+---------+---------+-------
      Total |     194 |      93 |  32.4 |      61 |      25 |  29.1
            +---------+---------+-------+---------+---------+-------
        D:1 |      60 |       0 |   0.0 |      31 |       0 |   0.0
        D:2 |       8 |      68 |  89.5 |       4 |      12 |  75.0
        D:3 |      69 |      25 |  26.6 |      22 |      13 |  37.1
        D:4 |      57 |       0 |   0.0 |       4 |       0 |   0.0
            +---------+---------+-------+---------+---------+-------
